 Dungeon Crawl Stone Soup version 0.31.0-11-ge490571c62 (webtiles) character file.

Game seed: 10524590917199056993

33 qw the Shooter (level 3, -2/20 HPs)
             Began as a Deep Elf Hunter on Feb 4, 2024.
             Slain by an orc wizard
             ... wielding a +0 dagger
              (3 damage)
             ... on level 3 of the Dungeon.
             The game lasted 00:00:05 (1367 turns).

qw the Shooter (Deep Elf Hunter)                    Turns: 1367, Time: 00:00:05

Health: -2/20      AC:  5    Str: 10    XL:     3   Next: 12%
Magic:  5/5        EV: 11    Int: 13    God:
Gold:   122        SH:  0    Dex: 18    Spells: 2/2 levels left

rFire   . . .        a - +1 shortbow
rCold   . . .        (shield currently unavailable)
rNeg    . . .        i - +0 ring mail
rPois   .            (no helmet)
rElec   .            (no cloak)
rCorr   .            (no gloves)
SInv    .            (no boots)
Will    .....        (no amulet)
Stlth   +            (no ring)
HPRegen 0.23/turn    (no ring)
MPRegen 0.09/turn

%: no passive effects
@: no status effects
A: no striking features
a: no special abilities


You were on level 3 of the Dungeon.
You visited 1 branch of the dungeon, and saw 3 of its levels.

You collected 122 gold pieces.


   Skills:
 - Level 1.5 Fighting
 + Level 6.7 Ranged Weapons
 - Level 2.4 Dodging
 - Level 1.2 Stealth


You had 2 spell levels left.
You didn't know any spells.
Your spell library was empty.

Inventory:

Hand Weapons
 a - a +1 shortbow (weapon)
Armour
 i - a +0 ring mail (worn)
Potions
 d - a potion of curing
 f - a potion of cancellation
 h - a potion of mutation {unknown}
 l - a potion of invisibility {unknown}

Dungeon Overview and Level Annotations

Branches:
Dungeon (3/15)

Altars:

Shops:
D:1 !   D:3 :


Message History

An orc comes into view. It is wielding a +0 club.
An orc wizard comes into view. It is wielding a +0 dagger.
1353 ||| RETREEEEATING.
1354 ||| RETREEEEATING.
1355 ||| RETREEEEATING.
1356 ||| RETREEEEATING.
1357 ||| RETREEEEATING.
You see here a ball python corpse.
1358 ||| RETREEEEATING.
You shoot an arrow. The arrow barely misses the orc.
The orc shouts!
You hear a shout!
You shoot an arrow.
The arrow hits the orc but does no damage.
An orc comes into view. It is wielding a +0 morningstar.
You shoot an arrow. The arrow closely misses the orc.
The arrow hits the orc.
The orc is lightly wounded.
The orc hits you with a +0 flail.
You shoot an arrow. The arrow closely misses the orc.
The arrow hits the orc.
The orc is heavily wounded.
The orc barely misses you.
A giant cockroach comes into view.
You shoot an arrow. The arrow barely misses the orc.
The arrow hits the orc wizard!
The orc wizard is heavily wounded.
The orc hits you with a +0 flail. x2
You shoot an arrow. The arrow hits the orc.
The orc is moderately wounded.
You shoot an arrow.
The arrow hits the orc wizard but does no damage.
The orc wizard is heavily wounded.
You shoot an arrow. The arrow barely misses the orc wizard.
The arrow hits the orc.
The orc is almost dead.
The orc wizard hits you with a +0 dagger.
You shoot an arrow.
The arrow hits the orc wizard but does no damage.
The orc wizard is heavily wounded.
The orc wizard hits you with a +0 dagger.
You die...

#.# #.# .# #.# .#
#.# .# #.# .## #.
#.# .. .#.######.###
.#
..........oo##.###
..........ooo@...#
..........Bo##.#.#
............##...
.................'.
............##.#.###
.)...........#.#.#
.o...}...}.....# #
....)..\....##.#
.....}...}..# .#


You could see 2 orc wizards, 4 orcs and a giant cockroach.

Vanquished Creatures
  An adder (D:2)
  An orc (D:3)
  3 ball pythons
  2 bats (D:2)
  An endoplasm (D:2)
  3 goblins (D:1)
  A hobgoblin (D:1)
  2 quokkas (D:1)
  3 kobolds
  7 rats
24 creatures vanquished.

Notes
Turn   | Place    | Note
-------+----------+-------------------------------------------
     0 | D:1      | qw the Deep Elf Hunter began the quest for the Orb.
     0 | D:1      | Reached XP level 1. HP: 12/12 MP: 3/3
     0 | D:1      | 0 ||| qw: Version: 0.3-a-160-g6735b56
     0 | D:1      | 0 ||| qw: Game counter: 5493
     0 | D:1      | 0 ||| qw: Melee chars always use a shield: true
     0 | D:1      | 0 ||| qw: God list: Okawaru
     0 | D:1      | 0 ||| qw: Allow faded altars: false
     0 | D:1      | 0 ||| qw: Do Orc after clearing Dungeon:15 true
     0 | D:1      | 0 ||| qw: Do second Lair branch before Depths: true
     0 | D:1      | 0 ||| qw: Lair rune preference: random
     0 | D:1      | 0 ||| qw: Goals: Normal
     0 | D:1      | 0 ||| PLANNING D:1-11
   258 | D:1      | Found Peloum's Distillery.
   265 | D:1      | 265 ||| SHOPLISTING potion of curing (36 gold, have 12).
   265 | D:1      | 265 ||| SHOPLISTING potion of enlightenment (60 gold, have
                  | 12).
   265 | D:1      | 265 ||| SHOPLISTING potion of heal wounds (60 gold, have
                  | 12).
   265 | D:1      | 265 ||| SHOPLISTING potion of mutation (96 gold, have 12).
   812 | D:1      | 812 ||| READING scroll labelled MAXOAFR RULO.
   812 | D:1      | 812 ||| IDENTIFYING sedimented inky potion
   813 | D:1      | 813 ||| READING scroll labelled WOTWUU QICLICA.
   814 | D:1      | 814 ||| READING scroll labelled MIGIFI PIFARPH.
   815 | D:1      | 815 ||| DROPPING scroll of butterflies.
   816 | D:1      | 816 ||| DROPPING potion of berserk rage.
   838 | D:2      | 838 ||| STAIRDANCE
   842 | D:1      | Reached skill level 6 in Ranged Weapons
   842 | D:1      | Reached XP level 2. HP: 16/16 MP: 4/4
  1215 | D:2      | Reached XP level 3. HP: 20/20 MP: 5/5
  1300 | D:2      | 1300 ||| UPGRADING to +0 ring mail.
  1310 | D:2      | 1310 ||| DROPPING +0 leather armour.
  1311 | D:2      | 1311 ||| DROPPING ring of flight.
  1312 | D:2      | 1312 ||| READING 2 scrolls of identify.
  1312 | D:2      | 1312 ||| IDENTIFYING blue potion
  1313 | D:2      | 1313 ||| READING scroll of identify.
  1313 | D:2      | 1313 ||| IDENTIFYING fizzy orange potion
  1314 | D:2      | 1314 ||| READING scroll labelled NUTSYX OWKUQ.
  1314 | D:2      | 1314 ||| ENCHANTING +0 shortbow.
  1315 | D:2      | 1315 ||| READING scroll labelled CENEDA UXOR.
  1316 | D:2      | 1316 ||| READING scroll labelled ZORONW JUDIY.
  1317 | D:2      | 1317 ||| READING scroll labelled APHUGE VASANO.
  1342 | D:3      | Found Bitsagey's Vocational Training.
  1353 | D:3      | 1353 ||| RETREEEEATING.
  1354 | D:3      | 1354 ||| RETREEEEATING.
  1355 | D:3      | 1355 ||| RETREEEEATING.
  1356 | D:3      | 1356 ||| RETREEEEATING.
  1357 | D:3      | 1357 ||| RETREEEEATING.
  1358 | D:3      | 1358 ||| RETREEEEATING.
  1363 | D:3      | HP: 5/20 [orc/+0 flail (4)]
  1363 | D:3      | HP: 2/20 [orc/+0 flail (3)]
  1367 | D:3      | Slain by an orc wizard

Levels and vault maps discovered:
D:1:      eino_arrival_tree_alley, layout_basic, serial_shops,
          nicolae_shop_just_a_little_nook, serial_bayou, serial_bayou_crossing,
          serial_bayou_shore_b, serial_bayou_shore_a, serial_bayou_shore_b
D:2:      layout_rooms, minmay_rat_gold_closets
D:3:      layout_basic, nicolae_overflow_hidden_temple, serial_shops,
          nicolae_shop_hallway_plus, nicolae_shop_vocational

Skill      XL: |  1 |
---------------+----+-----
Ranged Weapons | 6 |  6.7
Fighting       | |  1.5
Dodging        | |  2.4
Stealth        | |  1.2

Action                     || total
---------------------------++-------
   Fire: Shortbow          ||    48
    Use: Scroll            ||     9
 Armour: Leather armour    ||     4
         Ring mail         ||     6
  Dodge: Dodged            ||     5

Table legend:
 A = Non-vault XP
 B = Vault XP
 C = Vault XP percentage of total XP
 D = Non-vault monster count
 E = Vault monster count
 F = Vault count percentage of total count
                 A         B        C        D         E       F
            +---------+---------+-------+---------+---------+-------
      Total |      43 |       5 |  10.4 |      19 |       5 |  20.8
            +---------+---------+-------+---------+---------+-------
        D:1 |      13 |       0 |   0.0 |       8 |       0 |   0.0
        D:2 |      25 |       5 |  16.7 |       8 |       5 |  38.5
        D:3 |       5 |       0 |   0.0 |       3 |       0 |   0.0
            +---------+---------+-------+---------+---------+-------
